 Dungeon Crawl Stone Soup version 0.31-a0-426-g3a05650e59 (webtiles) character file.

Game seed: 17910800790135898907

76 randomguy2701 the Trooper (level 4, -2/41 HPs)
             Began as a Minotaur Fighter on July 30, 2023.
             Slain by an orc
             ... wielding a +0 trident
              (4 damage)
             ... on level 3 of the Dungeon.
             The game lasted 00:01:14 (1110 turns).

randomguy2701 the Trooper (Minotaur Fighter)        Turns: 1110, Time: 00:01:15

Health: -2/41      AC:  7    Str: 21    XL:     4   Next: 12%
Magic:  3/3        EV:  9    Int:  5    God:
Gold:   63         SH:  4    Dex: 11    Spells: 3/3 levels left

rFire   . . .        a - +0 war axe
rCold   . . .        c - +0 buckler
rNeg    . . .        b - +0 scale mail
rPois   .            (helmet restricted)
rElec   .            (no cloak)
rCorr   .            (no gloves)
SInv    .            (no boots)
Will    .....        (no amulet) Stlth
                     (no ring)
HPRegen 0.26/turn    (no ring)
MPRegen 0.08/turn

%: no passive effects
@: no status effects
A: horns 2, retaliatory headbutt
a: no special abilities


You were on level 3 of the Dungeon.
You visited 1 branch of the dungeon, and saw 3 of its levels.

You collected 63 gold pieces.

Inventory:

Hand Weapons
 a - a +0 war axe (weapon)
Armour
 b - a +0 scale mail (worn)
 c - a +0 buckler (worn)
Jewellery
 j - a ring of wizardry
 m - an amulet of magic regeneration
Wands
 o - a wand of digging (9)
Scrolls
 e - 2 scrolls of identify {unknown}
 h - a scroll of blinking {unknown}
 k - a scroll of fog {unknown}
 n - a scroll of fear {unknown}
Potions
 d - a potion of might
 f - 3 potions of curing {unknown}
 g - a potion of haste {unknown}
 i - a potion of degeneration {unknown}
 l - a potion of berserk rage {unknown}
 p - 2 potions of invisibility {unknown}


   Skills:
 + Level 4.4 Fighting
 + Level 3.3 Axes
 + Level 4.4 Armour
 + Level 0.1 Dodging
 + Level 0.1 Stealth
 + Level 4.1 Shields


You had 3 spell levels left.
You didn't know any spells.
Your spell library contained the following spells:

 Spells                   Type           Power      Damage    Failure   Level
 Kiss of Death            Conj/Necr      0%         2d5       86%         1
 Magic Dart               Conj           0%         1d3       86%         1
 Call Imp                 Summ           0%         N/A       95%         2
 Confusing Touch          Hex            0%         N/A       99%         3
 Mephitic Cloud           Conj/Pois/Air  0%         N/A       99%         3
 Dispel Undead            Necr           0%         3d6       100%        4


Dungeon Overview and Level Annotations

Branches:
Dungeon (3/15)

Altars:


Innate Abilities, Weirdness & Mutations

You have a pair of horns on your head.
You reflexively headbutt those who attack you in melee.


Message History

You barely miss something. You closely miss the orc. The orc barely misses you.
The orc hits you but does no damage.
You hear some strange, mumbled words.
Something tries to affect you, but you resist.
Something hits you but does no damage.
The orc hits you from afar with a +0 trident.
The orc hits you with a +0 short sword.
You barely miss the orc. Your headbutt misses the orc.
You closely miss something.
The orc hits you from afar with a +0 trident.
The orc closely misses you. Something hits you but does no damage.
You miss something. You closely miss the orc.
You feel less confused. You block the orc's attack.
The orc hits you but does no damage.
Something hits you. x2; The orc hits you with a +0 short sword.
The orc barely misses you.
Unknown command.
You barely miss something. You hit the orc. The orc barely misses you.
You block the orc's attack.
You hear some strange, mumbled words.
A magic dart appears from out of thin air!
The magic dart hits you!
* * * LOW HITPOINT WARNING * * *
You barely miss something. Your headbutt misses something.
You closely miss the orc.
The orc hits you from afar with a +0 trident.
* * * LOW HITPOINT WARNING * * *
You hear some strange, mumbled words.
A puff of flame appears from out of thin air!
The puff of flame misses you. You block the orc's attack.
You barely miss something. Your headbutt misses something. You slash the orc!
You kill the orc!
The orc hits you but does no damage. You block something's attack.
Something hits you but does no damage. The orc misses you.
You miss something. The orc hits you but does no damage. Something hits you.
* * * LOW HITPOINT WARNING * * *
Unknown command.
You barely miss something. Your headbutt misses something.
The orc hits you from afar with a +0 trident.
You die...

#.#####.##
.........## ### .....
#......... .. ....
#...###..# ##.##.?.#
#...# #..# ##...#...
....# #..###....... #
#...# #...##....#o#.#
#...###.#.##...))...#
#.......#.##....@{.##
#...#####.##.#......#
#...# #.##.#.#...##
#...#####.##.#.##.##
#..............# .#
.............### .#
#>#######.##.# .#
...# #.##.# .. #..#
#.##.#


You could see an orc.

Vanquished Creatures
  A howler monkey (D:3)
  A worm (D:2)
  4 orcs (D:3)
  A ball python (D:3)
  A bat (D:1)
  4 endoplasms
  2 giant cockroaches (D:2)
  6 hobgoblins
  3 kobolds (D:2)
  A quokka (D:1)
  4 rats
28 creatures vanquished.

Notes
Turn   | Place    | Note
-------+----------+-------------------------------------------
     0 | D:1      | randomguy2701 the Minotaur Fighter began the quest for the
                  | Orb.
     0 | D:1      | Reached XP level 1. HP: 19/19 MP: 0/0
   347 | D:1      | Reached XP level 2. HP: 24/27 MP: 1/1
  1011 | D:3      | Reached XP level 3. HP: 33/33 MP: 2/2
  1085 | D:3      | Reached XP level 4. HP: 41/41 MP: 3/3
  1109 | D:3      | HP: 2/41 [something (4)]
  1110 | D:3      | Slain by an orc

Illustrated notes

Levels and vault maps discovered:
D:1:      erik_arrival_orb_chamber, layout_rooms, hex_medium, grunt_decor_cap
D:2:      layout_rooms
D:3:      layout_loops_ring

Skill      XL: |  1  2  3 |
---------------+----------+-----
Fighting       | 4 |  4.4
Armour         | 4 |  4.4
Axes           | 3 |  3.3
Shields        | 4 |  4.1
Dodging        | |  0.1
Stealth        | |  0.1

Action                     |  1- 3 |  4- 6 || total
---------------------------+-------+-------++-------
  Melee: War axe           |    61 |    15 ||    76
         Headbutt          |    13 |     1 ||    14
 Armour: Scale mail        |    25 |    16 ||    41
  Dodge: Dodged            |    22 |    14 ||    36
  Block: Buckler           |    12 |     4 ||    16

Table legend: (Time is in decaauts)
 A = Elapsed time spent in this place.
 B = Non-inter-level travel time spent in this place.
 C = Inter-level travel time spent in this place.
 D = Time resting spent in this place.
 E = Time spent auto-exploring this place.
 F = Levels seen in this place.
 G = Mean time per level.
                   A        B        C        D        E       F      G
               +--------+--------+--------+--------+--------+-----+--------+
         Total |   1139 |   1076 |     63 |      0 |    889 |   3 |  379.7 |
       Dungeon |   1139 |   1076 |     63 |      0 |    889 |   3 |  379.7 |
               +--------+--------+--------+--------+--------+-----+--------+

Top non-repeatable levels by time:
     D:1: 500 daAuts
     D:2: 471 daAuts
     D:3: 168 daAuts
